 Dungeon Crawl Stone Soup version 0.28.0-45-g0d030f2227 (webtiles) character file.

Game seed: 3050234315685478989

119 MisterFreud the Changer (level 4, -2/35 HPs)
             Began as a Draconian Transmuter on Apr 18, 2022.
             Slain by a hornet (5 damage)
             ... on level 4 of the Dungeon.
             The game lasted 00:02:43 (3153 turns).

MisterFreud the Changer (Draconian Transmuter)      Turns: 3153, Time: 00:02:44

Health: -2/35      AC:  2    Str: 12    XL:     4   Next: 74%
Magic:  4/7        EV: 19    Int: 15    God:
Gold:   115        SH:  0    Dex: 17    Spells: 1/7 levels left

rFire   . . .      SeeInvis .     - Unarmed
rCold   . . .      Faith    .   (shield currently unavailable)
rNeg    . . .      Spirit   .   (armour unavailable)
rPois   x          Reflect  .   (helmet currently unavailable)
rElec   .          Harm     .   (cloak currently unavailable)
rCorr   .          Rampage  .   (gloves currently unavailable)
Will    .....                   (boots currently unavailable)
Stlth   ++........              (no amulet)
HPRegen 0.11/turn               (no ring)
MPRegen 0.10/turn               (no ring)

@: lethally poisoned (-2 -> -18), spider-form (expiring), slowed, very slow
A: venomous fangs, AC +5, tiny, unfitting armour, (cold-blooded)
a: End Transformation


You were on level 4 of the Dungeon.
You were a venomous arachnid creature.
You visited 1 branch of the dungeon, and saw 4 of its levels.

You collected 115 gold pieces.

Inventory:

Missiles
 k - 6 poisoned darts
Scrolls
 a - 2 scrolls of identify {unknown}
 b - 2 scrolls of enchant weapon {unknown}
 d - a scroll of fear {unknown}
 g - a scroll of noise {unknown}
 h - a scroll of amnesia {unknown}
 i - a scroll of enchant armour {unknown}
 l - a scroll of summoning {unknown}
Potions
 c - a potion of ambrosia {unknown}
 e - 2 potions of attraction {unknown}
 f - 2 potions of flight {unknown}
 j - a potion of berserk rage {unknown}


   Skills:
 + Level 1.3 Fighting
 - Level 1.7 Dodging
 + Level 3.0 Unarmed Combat
 - Level 2.0 Spellcasting
 - Level 5.0 Transmutations


You had one spell level left.
You knew the following spells:

 Your Spells              Type           Power      Damage    Failure   Level
a - Beastly Appendage     Tmut           32%        N/A       10%         1
b - Wereblood             Tmut           16%        N/A       13%         2
c - Spider Form           Tmut/Pois      9%         N/A       45%         3

Your spell library contained the following spells:

 Spells                   Type           Power      Damage    Failure   Level
 Corpse Rot               Necr/Air       2%         N/A       54%         2
 Poisonous Vapours        Pois/Air       2%         N/A       54%         2
 Ozocubu's Armour         Ice            1%         N/A       75%         3
 Ice Form                 Ice/Tmut       9%         N/A       80%         4
 Metabolic Englaciation   Hex/Ice        0%         N/A       100%        5
 Simulacrum               Ice/Necr       0%         N/A       100%        6


Dungeon Overview and Level Annotations

Branches:
Dungeon (4/15)
 Temple: D:4-7

Altars:


Innate Abilities, Weirdness & Mutations

You are a venomous arachnid creature.
You have poisonous fangs.
You are tiny and dextrous.
Your spellcasting is less reliable in this form.
Your armour is entirely melded.
You are incapable of wielding weapons or throwing items.
((Your plain brown scales are hard. (AC +5)))
You cannot fit into any form of body armour.
((You are cold-blooded and may be slowed by cold attacks.))


Message History

There is a stone staircase leading down here.
You now have 115 gold pieces (gained 12).
A goblin comes into view. It is wielding a +0 dagger.
Found a hand axe.
The goblin shouts!
You hear an angry buzzing noise.
An orc comes into view. It is wielding a +0 morningstar.
An endoplasm comes into view.
A hornet comes into view.
There are monsters nearby!
There are monsters nearby!
Casting: Spider Form (quite dangerous; 24% risk of failure)
Confirm with . or Enter, or press ? or * to list all spells.
The spell is quite dangerous to miscast (24% risk of failure)!
Continue anyway?
You turn into a venomous arachnid creature.
The orc shouts!
The endoplasm quivers.
You hear a shout!
A goblin comes into view. It is wielding a +0 club.
Found a manual of Axes, a metallic pink potion and 4 boomerangs.
The goblin shouts!
The goblin completely misses you.
You hit the goblin.
The goblin is poisoned.
The goblin is heavily wounded.
You kill the goblin!
The endoplasm misses you.
The orc throws a boomerang.
The boomerang misses you.
The goblin unwields a +0 club.
The goblin wields a +0 hunting sling.
The goblin shoots a stone.
The stone closely misses you. The hornet barely misses you.
You hit the hornet but do no damage.
The hornet is poisoned.
The hornet stings you!
You feel yourself slow down.
The endoplasm hits you but does no damage.
The orc throws a boomerang.
The boomerang misses you. The hornet misses you. The hornet stings you!
* * * LOW HITPOINT WARNING * * *
You are lethally poisoned!
You feel as though you will be slow longer.
Your transformation is almost over.
* * * LOW HITPOINT WARNING * * *
You feel extremely sick. The hornet stings you.
You die...

.........#########
.........'....>..#
.........#######.#
.........# #.#
.........# #.#
.........#######.#
...............#.#
..........## #...##
.........#######s.##
........####...##y.#
#:..go.#.#
#....!)J..#
#...#.)..##
#.(......# #
.....#.# #....# .#
..#..# ##


You could see a hornet (very poisoned).

Vanquished Creatures
  A hound (D:4)
  2 adders
  3 worms
  An orc (D:3)
  5 ball pythons
  6 bats
  9 endoplasms
  4 giant cockroaches
  4 goblins
  4 hobgoblins
  2 jackals (D:1)
  7 kobolds
  3 quokkas
  3 frilled lizards
  7 rats
61 creatures vanquished.

Notes
Turn   | Place    | Note
-------+----------+-------------------------------------------
     0 | D:1      | MisterFreud the Draconian Transmuter began the quest for
                  | the Orb.
     0 | D:1      | Reached XP level 1. HP: 16/16 MP: 3/3
   245 | D:1      | Reached XP level 2. HP: 21/23 MP: 3/5
   262 | D:1      | Reached skill level 3 in Transmutations
   698 | D:1      | Found a faded altar of an unknown god.
   726 | D:1      | You fall into a shaft and drop 1 floor!
   905 | D:2      | Reached XP level 3. HP: 28/28 MP: 4/6
  1365 | D:2      | Reached skill level 4 in Transmutations
  2044 | D:3      | Learned a level 2 spell: Wereblood
  2048 | D:3      | Learned a level 3 spell: Spider Form
  2203 | D:3      | Reached XP level 4. HP: 6/35 MP: 7/7
  3064 | D:4      | Reached skill level 5 in Transmutations
  3146 | D:4      | Noticed a hornet
  3153 | D:4      | Slain by a hornet

Illustrated notes

Levels and vault maps discovered:
D:1:      mrwooster_arrival_arrow, layout_rooms,
          hellmonk_ecumenical_altar_leap_of_faith, kennysheep_minor_cross,
          minmay_heptomino_w4
D:2:      layout_loops_ring, st_stairs_11, dk_noncrumbling_3, grunt_ministairs_3
D:3:      layout_rooms, minivault_14, chequers_serial_rivers_small_3,
          lemuel_old_faithful
D:4:      layout_basic, tgw_sif, temple_doors_cd, serial_shops,
          nicolae_shop_bloodbath_and_beyond, serial_rivers,
          chequers_serial_rivers_small_3, chequers_serial_rivers_small_b,
          chequers_serial_rivers_small_a, chequers_serial_rivers_micro_e,
          chequers_serial_rivers_micro_d, minmay_misc_feat_doors,
          minmay_manual_moon

Skill      XL: |  1  2  3  4 |
---------------+-------------+-----
Transmutations | 3 4 5 |  5.0
Fighting       | |  1.3
Dodging        | |  1.7
Unarmed Combat | |  3.0
Spellcasting   | |  2.0

Action                   |  1- 3 |  4- 6 || total
-------------------------+-------+-------++-------
Melee: Unarmed           |   150 |    29 ||   179
       Kick              |    28 |     5 ||    33
       Headbutt          |    15 |     4 ||    19
       Tailslap          |     9 |     2 ||    11
       Punch             |     2 |     1 ||     3
 Cast: Beastly Appendage |    30 |     7 ||    37
       Spider Form       |       |     3 ||     3
 Stab: Sleeping          |     1 |     1 ||     2
Armor: Skin              |    36 |     4 ||    40
Dodge: Dodged            |   100 |    21 ||   121
